 Dungeon Sprint DCSS version 0.30-a0-799-g109b55a442 (webtiles) character file.

Game seed: 17528740029851779224

12 BigDaddyOpFi the Sneak (level 2, -4/11 HPs)
             Began as a Felid Air Elementalist on Feb 20, 2023.
             Killed by nerve-wracking pain
             ... invoked by a shadow imp
              (13 damage)
             ... in the Dungeon (Sprint IX: "|||||||||||||||||||||||||||||").
             The game lasted 00:00:22 (261 turns).

BigDaddyOpFi the Sneak (Felid Air Elementalist)      Turns: 261, Time: 00:00:23

Health: -4/11      AC:  1    Str:  4    XL:     2   Next: 20%
Magic:  3/6        EV: 18    Int: 16    God:
Gold:   0          SH:  0    Dex: 16    Spells: 5/6 levels left
                                        Lives:  0   Deaths: 0

rFire   . . .      SeeInvis +    (weapon unavailable)
rCold   . . .      Faith    .    (shield unavailable)
rNeg    . . .      Spirit   .    (body armour unavailable)
rPois   .          Reflect  .    (helmet unavailable)
rElec   .          Harm     .    (cloak unavailable)
rCorr   .          Rampage  .    (gloves unavailable)
Will    .....      NoTele   +    (boots unavailable)
Stlth   ++                       (no amulet)
HPRegen 0.21/turn                (no ring)
MPRegen 0.10/turn                (no ring)

@: quick
A: very small, claws 1, fangs 3, see invisible, speed 1, shaggy fur 1, stealthy
paws, no weapons or thrown items, no armour, multi-lived
a: no special abilities


You were in the Dungeon.
You visited 1 branch

Inventory:

Scrolls
 f - a scroll of blinking
Potions
 a - 2 potions of magic
 b - a potion of curing
 c - a potion of heal wounds
 d - a potion of haste
 e - a potion of berserk rage


   Skills:
 - Level 3.3 Dodging
 - Level 3.4 Stealth
 + Level 2.8 Spellcasting
 + Level 2.1 Conjurations
 + Level 3.4 Air Magic


You had 5 spell levels left.
You knew the following spells:

 Your Spells              Type           Power      Damage    Failure   Level
a - Shock                 Conj/Air       44%        1d5       6%          1

Your spell library contained the following spells:

 Spells                   Type           Power      Damage    Failure   Level
 Static Discharge         Conj/Air       22%        2-3/arc   10%         2
 Swiftness                Air            13%        N/A       14%         3
 Airstrike                Air            6%         2d(1-17)  43%         4


Dungeon Overview and Level Annotations

Branches:
Dungeon (1/1)

Altars:


Innate Abilities, Weirdness & Mutations

You have sharp claws.
You have razor-sharp teeth.
You have supernaturally acute eyesight. (SInv)
You cover ground quickly. (Speed+)
You are covered in fur. (AC +1)
Your paws help you pounce on unaware monsters.
You are incapable of wielding weapons or throwing items.
You cannot wear armour.
You gain extra lives every three experience levels.


Message History

Press: ? - help, Q - select action Shift-Dir - straight line, f/p - jelly
Aim: a jelly (heavily wounded, 100% to hit)
The zap misses the shadow imp.
The zap hits the ogre.
The ogre is heavily wounded.
The zap hits the jelly.
The jelly is heavily wounded.
The shadow imp closely misses you.
You don't have enough magic to cast this spell.
Unknown command.
Magic courses through your body. The shadow imp completely misses you.
Aiming: Shock (safe; 6% risk of failure)
Press: ? - help, Q - select action Shift-Dir - straight line, f/p - jelly
Aim: a jelly (heavily wounded, 100% to hit)
The zap misses the shadow imp.
The zap hits the ogre.
The ogre is heavily wounded.
The zap hits the jelly.
The jelly is severely wounded.
The shadow imp hits you.
Aiming: Shock (safe; 6% risk of failure)
Press: ? - help, Q - select action Shift-Dir - straight line, f/p - jelly
Aim: a jelly (severely wounded, 100% to hit)
The zap hits the shadow imp.
The shadow imp is almost dead.
The zap misses the ogre.
The zap hits the jelly.
The jelly is almost dead.
The shadow imp misses you.
Aiming: Shock (safe; 6% risk of failure)
Press: ? - help, Q - select action Shift-Dir - straight line, f/p - jelly
Aim: a jelly (almost dead, 100% to hit)
The zap hits the shadow imp.
The shadow imp is almost dead.
The zap hits the ogre.
The ogre is severely wounded.
The zap hits the jelly.
The jelly is almost dead.
The jelly jiggles.
The shadow imp gestures at you. Pain shoots through your body!
Ouch! That really hurt!
You die... ▓▓▓▓▓▓▓▓▓▓▓▓▓▓▓▓▓▓ +...JO5@)..))...<▓ ▓▓▓▓▓▓▓▓▓▓▓▓▓▓▓▓▓▓

You could see an ogre, a jelly and a shadow imp.

Vanquished Creatures
  An ufetubus (D)
  2 ball pythons (D)
  A goblin (D)
  A quokka (D)
  2 kobolds (D)
7 creatures vanquished.

Notes
Turn   | Place    | Note
-------+----------+-------------------------------------------
     0 | D        | BigDaddyOpFi the Felid Air Elementalist began the quest for
                  | the Orb.
     0 | D        | Reached XP level 1. HP: 7/7 MP: 4/4
     6 | D        | Reached skill level 1 in Conjurations
   253 | D        | Noticed a jelly
   253 | D        | Noticed an ogre
   257 | D        | Reached XP level 2. HP: 10/11 MP: 1/6
   261 | D        | Killed from afar by a shadow imp

Illustrated notes

Levels and vault maps discovered:
D:        linesprint [early_d, line_temple, items_1, d_10, items_2, lair_1,
          lair_end, items_3, orc_1, orc_end, items_4, d_15, swamp_1, shoals_1,
          snake_1, spider_1, d_20, vaults_1, items_5, swamp_end, shoals_end,
          snake_end, spider_end, vaults_end, d_27, items_6, zot_1, zot_end,
          crypt_end, forest_end, elf_end, slime_end, tomb_end, abyss_end,
          pan_hell_end]

Skill      XL: |  1 |
---------------+----+-----
Dodging        | 3 |  3.3
Stealth        | 3 |  3.4
Conjurations   | 2 |  2.1
Air Magic      | 3 |  3.4
Spellcasting   | |  2.8

Action                     || total
---------------------------++-------
  Melee: Unarmed           ||     1
   Cast: Shock             ||    10
    Use: Potion            ||     1
  Dodge: Dodged            ||     6

Table legend: (Time is in decaauts)
 A = Elapsed time spent in this place.
 B = Non-inter-level travel time spent in this place.
 C = Inter-level travel time spent in this place.
 D = Time resting spent in this place.
 E = Time spent auto-exploring this place.
 F = Levels seen in this place.
 G = Mean time per level.
                   A        B        C        D        E       F      G
               +--------+--------+--------+--------+--------+-----+--------+
         Total |    259 |    259 |      0 |    237 |      0 |   1 |  259.0 |
       Dungeon |    259 |    259 |      0 |    237 |      0 |   1 |  259.0 |
               +--------+--------+--------+--------+--------+-----+--------+

Top non-repeatable levels by time:
       D: 259 daAuts
